Map: Acid Plant LE

Players

CinDra

  • Race: Zerg Zerg
  • League: Gold
  • Spawn Location: 11:00

CraigMaxtor - Winner!

  • Race: Protoss Protoss
  • League: Gold
  • Spawn Location: 5:00

VOD

Have the link to the VOD?

Description

Time

  • Played on: March 1, 2018, 10:36 p.m.
  • Length: 7:26
Show
View Real Time Build Order
Export as new Build Order

CinDra Zerg 

Build Orders: Hatch First 

Get SALT Encoding   

  12  0:01  Drone  
  13  0:12  Overlord  
  13  0:17  Drone  
  14  0:31  Drone x2  
  14  0:35  Drone  
  17  0:54  Hatchery  
  16  0:57  Drone  
  16  1:00  Drone  
  18  1:06  Extractor  
  17  1:16  Spawning Pool  
  16  1:19  Drone  
  16  1:23  Drone  
  18  1:30  Drone  
  19  1:38  Overlord  
  19  1:50  Drone  
  20  2:04  Zergling x2  
  20  2:06  Queen  
  20  2:07  Queen  
  25  2:11  Drone  
  25  2:13  Metabolic Boost  
  26  2:17  Drone  
  26  2:19  Drone  
  28  2:23  Drone  
  28  2:28  Drone  
  30  2:32  Overlord  
  30  3:00  Drone  
  30  3:01  Drone x4  
  35  3:05  Hatchery  
  35  3:06  Overlord  
  35  3:11  Drone  
  35  3:21  Drone  
  35  3:27  Drone x3  
  37  3:28  Drone  
  37  3:29  Queen  
  37  3:34  Queen  
  42  3:37  Overlord  
  43  3:45  Zergling x2  
  43  3:46  Zergling x4  
  44  3:54  Zergling x2  
  44  3:57  Zergling x10  
  49  4:10  Extractor  
  38  4:26  Zergling x8  
  39  4:34  Queen  
  39  4:35  Zergling x2  
  41  4:38  Zergling x2  
  22  5:24  Queen  
  22  5:25  Zergling x4  
  22  5:27  Hatchery  
  25  5:36  Queen  
  27  5:43  Drone x2  
  29  5:51  Drone x2  
  29  5:53  Drone  
  32  5:59  Drone  
  33  6:06  Drone  
  33  6:07  Drone x2  
  36  6:20  Roach Warren  
  35  6:30  Drone x5  
  40  6:39  Zergling x6  
  43  6:53  Drone  
  43  6:54  Drone x5  
  51  7:04  Overlord  
Show
View Real Time Build Order
Export as new Build Order

CraigMaxtor Protoss - Winner!

Build Orders:  

Get SALT Encoding   

  12  0:01  Probe  
  13  0:14  Probe  
  14  0:23  Pylon  
  14  0:26  Probe  
  15  0:43  Probe  
  15  0:46  Pylon  
  16  0:50  Assimilator  
  16  1:00  Assimilator  
  16  1:07  Gateway  
  16  1:12  Gateway  
  16  1:23  Forge  
  16  1:26  Probe  
  17  1:38  Probe  
  18  1:58  Photon Cannon  
  18  1:59  Zealot (Chrono Boost)  
  18  2:00  Zealot (Chrono Boost)  
  22  2:19  Photon Cannon  
  24  2:30  Zealot x2 (Chrono Boost)  
  26  2:41  Pylon  
  26  2:50  Zealot  
  28  2:56  Zealot  
  30  3:03  Probe  
  31  3:16  Cybernetics Core  
  31  3:28  Zealot  
  33  3:37  Zealot  
  35  3:55  Zealot  
  37  3:56  Probe  
  38  4:08  Probe  
  39  4:17  Pylon  
  39  4:18  Zealot  
  39  4:26  Stalker  
  39  4:45  Stalker  
  41  4:56  Stalker  
  31  5:26  Stalker  
  33  5:33  Stargate  
  33  5:37  Zealot (Chrono Boost)  
  33  5:48  Gateway  
  33  5:54  Zealot (Chrono Boost)  
  35  6:00  Zealot (Chrono Boost)  
  35  6:02  Pylon  
  35  6:03  Probe  
  38  6:14  Zealot (Chrono Boost)  
  38  6:15  Probe  
  41  6:20  Zealot (Chrono Boost)  
  41  6:21  Void Ray (Chrono Boost)  
  47  6:39  Probe  
  48  6:44  Zealot (Chrono Boost)  
  48  6:45  Zealot (Chrono Boost)  
  52  6:51  Pylon  
Tags
 
League
GoldGold
Matchup
PvZ
Spawn Locations
Cross Positions
Add a new tag
Caveats
  • Supply blocks, unpowered buildings, or Contaminate may cause inaccurate times.
  • Supply counts are checked every 10 seconds.